 Dungeon Crawl Stone Soup version 0.28.0-45-g0d030f2227 (webtiles) character file.

Game seed: 8273775760803219332

611 zeratav the Caller (level 7, -2/36 HPs)
             Began as a Tengu Summoner on Apr 13, 2022.
             Slain by a hound (4 damage)
             ... on level 5 of the Dungeon.
             The game lasted 00:13:07 (5141 turns).

zeratav the Caller (Tengu Summoner)                 Turns: 5141, Time: 00:13:07

Health: -2/36      AC:  2    Str:  8    XL:     7   Next: 43%
Magic:  13/15      EV: 14    Int: 17    God:
Gold:   231        SH:  0    Dex: 15    Spells: 11/15 levels left

rFire   . . .      SeeInvis .   d - +0 trident {polearm}
rCold   + . .      Faith    .   (no shield)
rNeg    . . .      Spirit   .   a - +0 robe
rPois   .          Reflect  .   (helmet restricted)
rElec   .          Harm     .   (no cloak)
rCorr   .          Rampage  .   (no gloves)
Will    .....                   (boots unavailable)
Stlth   ++........              (no amulet)
HPRegen 0.12/turn               r - ring of protection from cold
MPRegen 0.14/turn               (no ring)

@: flying quickly and evasively, quick
A: beak, talons 3, nimble flight
a: no special abilities


You were on level 5 of the Dungeon.
You visited 1 branch of the dungeon, and saw 5 of its levels.

You collected 231 gold pieces.


Innate Abilities, Weirdness & Mutations

You have a beak for a mouth.
You have claws for feet.
Your magical nature lets you fly swiftly and evasively.


   Skills:
 + Level 3.2 Polearms
 - Level 2.1 Dodging
 - Level 2.0 Stealth
 + Level 4.9 Spellcasting
 + Level 7.7 Summonings


You had 11 spell levels left.
You knew the following spells:

 Your Spells              Type           Power      Damage    Failure   Level
a - Summon Small Mammal   Summ           100%       N/A       1%          1
b - Call Canine Familiar  Summ           30%        N/A       1%          3

Your spell library contained the following spells:

 Spells                   Type           Power      Damage    Failure   Level
 Call Imp                 Summ           30%        N/A       1%          2
 Summon Guardian Golem    Hex/Summ       17%        N/A       9%          3
 Beastly Appendage        Tmut           8%         N/A       14%         1
 Wereblood                Tmut           4%         N/A       22%         2
 Animate Armour           Summ/Erth      34%        N/A       28%         4
 Summon Lightning Spire   Summ/Air       17%        N/A       28%         4
 Spider Form              Tmut/Pois      4%         N/A       41%         3
 Stone Arrow              Conj/Erth      8%         3d7       41%         3
 Lehudib's Crystal Spear  Conj/Erth      2%         10d2      100%        8

Inventory:

Hand Weapons
 d - a +0 trident (weapon) {polearm}
   (You found it on level 1 of the Dungeon)
 f - a +0 whip of venom {mace}
   (You took it off a kobold on level 1 of the Dungeon)
Armour
 a - a +0 robe (worn)
 m - a +0 tower shield
   (You found it on level 2 of the Dungeon)
 q - a +0 pair of gloves
   (You found it on level 3 of the Dungeon)
 t - a +0 leather armour
   (You found it on level 4 of the Dungeon)
 u - a +0 chain mail of cold resistance
   (You took it off a gnoll on level 4 of the Dungeon)
Magical Staves
 e - a staff of death {staff}
   (You found it on level 1 of the Dungeon)
Jewellery
 j - an amulet of guardian spirit
   (You found it on level 2 of the Dungeon)
 r - a ring of protection from cold (left hand)
   (You found it on level 3 of the Dungeon)
Scrolls
 g - a scroll of enchant armour {unknown}
 i - a scroll of immolation {unknown}
 l - a scroll of amnesia {unknown}
 n - 6 scrolls of identify {unknown}
 o - a scroll of enchant weapon {unknown}
 p - a scroll of fog {unknown}
 s - 2 scrolls of teleportation {unknown}
Potions
 b - a potion of ambrosia {unknown}
 c - a potion of cancellation {unknown}
 h - 2 potions of magic {unknown}
 k - 2 potions of haste {unknown}
 v - a potion of curing {unknown}

Dungeon Overview and Level Annotations

Branches:
Dungeon (5/15)
 Temple: D:4-7

Altars:
Elyvilon
Trog

Shops:
D:4 :

Annotations:
D:5 Dowan, Eustachio, Grinder

.#.......
........##
##.O......#
##...........
#..............
##..............
#...Yo..........
#.@oO........
#hho##.....##
##.h.........#
##............##
#..............#
..
#.........).#...
.. ##.....<....#
..
##.#..........
..
#..#..........#
##


You could see an ice beast, 2 ogres, 2 hounds, 3 orcs and a friendly hound
(summoned).


Message History

Your hound closely misses Grinder.
There is a stone staircase leading up here.
HP[-2]
You take 2 damage, and now have 26/36 hp.
You fly upwards.
There is a stone staircase leading down here.
HP[+1] MP[+1]
You start resting.
HP[+2] MP[+3]
You regained 2 hp, and now have 29/36 hp.
Your mp is fully restored (15).
You start resting.
HP[+7]
Your hp is fully restored (36).
You start waiting.
Done waiting.
There is a stone staircase leading down here.
You fly downwards.
Level annotation: Dowan, Eustachio, Grinder
There is a stone staircase leading up here.
You fly upwards.
There is a stone staircase leading down here.
There is a stone staircase leading down here.
You fly downwards.
Level annotation: Dowan, Eustachio, Grinder The hound barks! x2
Found a spear.
Found a stone staircase leading down.
There is a stone staircase leading up here.
Casting: Summon Small Mammal (safe; 1% risk of failure)
Confirm with . or Enter, or press ? or * to list all spells.
The hound bites you. The hound closely misses you. The hound bites you.
HP[-4] MP[-3]
You take 4 damage, and now have 32/36 hp.
You lost 3 mp, and now have 12/15 mp.
What are your orders? t - Shout!
Orders for allies: a - Attack new target. r - Retreat! s - Stop attacking. g - Guard the area. f - Follow me.
Anything else - Cancel.
Gang up on whom?
Press: ? - help, Dir - move target, f - hound
Aim: a hound Attack!
The hound barely misses you. The hound closely misses you.
Your hound barely misses the hound.
The hound closely misses you.
Your hound barely misses the hound.
The hound bites you. x2
HP[-3]
You take 3 damage, and now have 29/36 hp.
You miss the hound. Your kick misses the hound. Your hound misses the hound.
The hound misses you.
An orc comes into view. It is wielding a +0 club.
The hound bites you.
Your hound bites the hound.
The hound bites you.
HP[-6]
You take 6 damage, and now have 23/36 hp.
You closely miss the hound.
The orc shouts!
You claw the hound.
You hear a shout!
The hound barely misses you.
Your hound closely misses the hound.
An ogre comes into view. It is wielding a +0 giant spiked club.
The hound bites you.
An orc comes into view. It is wielding a +1 whip of venom.
The hound bites you.
Your hound barely misses the hound.
The hound misses you.
HP[-3]
You take 3 damage, and now have 20/36 hp.
You hit the hound. You claw the hound. The hound bites you.
* * * LOW HITPOINT WARNING * * *
Your hound closely misses the hound.
The hound bites you.
* * * LOW HITPOINT WARNING * * *
The hound misses you.
HP[-4] MP[+1]
You take 4 damage, and now have 16/36 hp.
The hound bites you.
* * * LOW HITPOINT WARNING * * *
Your hound bites the hound.
The hound barely misses you. x2
Your hound closely misses the hound.
HP[-1]
You take 1 damage, and now have 15/36 hp.
Your hound barely misses the hound.
An ice beast and an orc come into view.
The hound bites you.
* * * LOW HITPOINT WARNING * * *
HP[-3]
You take 3 damage, and now have 12/36 hp.
Your hound bites the hound.
The hound bites you.
* * * LOW HITPOINT WARNING * * *
The orc throws a stone.
The stone barely misses you.
The stone misses the hound.
An ogre comes into view. It is wielding a +0 giant spiked club.
HP[-1]
You take 1 damage, and now have 11/36 hp.
There is a stone staircase leading down here.
The hound bites you.
* * * LOW HITPOINT WARNING * * *
The hound bites you.
* * * LOW HITPOINT WARNING * * *
The orc hits you with a +1 whip of venom.
* * * LOW HITPOINT WARNING * * *
The orc misses you. The hound bites you.
You die...

Skill      XL: |  1  2  3  4  5  6  7 |
---------------+----------------------+-----
Summonings     | 5 6 7 |  7.7
Spellcasting   | 3 4 |  4.9
Polearms       | 1 2 3 |  3.2
Dodging        | |  2.1
Stealth        | |  2.0

Action                   |  1- 3 |  4- 6 |  7- 9 || total
-------------------------+-------+-------+-------++-------
Melee: Peck              |     2 |     6 |       ||     8
       Unarmed           |     1 |       |       ||     1
       Whip              |    17 |     3 |       ||    20
       Kick              |     5 |     7 |     2 ||    14
       Punch             |     1 |       |       ||     1
       Trident           |       |    31 |     7 ||    38
 Cast: Summon Small Mamm |    37 |    12 |     4 ||    53
       Call Canine Famil |    14 |    23 |     3 ||    40
 Stab: Distracted        |       |     3 |     1 ||     4
Armor: Robe              |    10 |     4 |       ||    14
Dodge: Dodged            |    32 |    30 |    12 ||    74

Levels and vault maps discovered:
D:1:      lightli_arrival_lavapool, layout_loops_ring, minmay_misc_feat_square
D:2:      layout_loops_ring, dreamdust_ecumenical_altar_hidden_monk_grotto
D:3:      layout_loops_ring, bloody_trog, mainiacjoe_overflow_alcove_1,
          portal_sewer_entry_b, grunt_ministairs_9
D:4:      layout_cave_pools, nicolae_shop_self_help, uniq_sigmund
D:5:      layout_cave_pools, uniq_duvessa, uniq_grinder, uniq_eustachio,
          uniq_crazy_yiuf_cottage

Notes
Turn   | Place    | Note
-------+----------+-------------------------------------------
     0 | D:1      | zeratav the Tengu Summoner began the quest for the Orb.
     0 | D:1      | Reached XP level 1. HP: 10/10 MP: 4/4
     0 | D:1      | magus.rc [v1.9.6]
    26 | D:1      | Reached skill level 5 in Summonings
   166 | D:1      | Reached XP level 2. HP: 15/15 MP: 3/6
   577 | D:1      | Reached XP level 3. HP: 19/19 MP: 7/7
  1037 | D:1      | Learned a level 3 spell: Call Canine Familiar
  1455 | D:2      | You pick up a book of Armaments and begin reading...
  1455 | D:2      | You add the spells Stone Arrow, Animate Armour and
                  | Lehudib's Crystal Spear to your library.
  1517 | D:2      | Reached skill level 3 in Spellcasting
  1589 | D:2      | You pick up a book of Changes and begin reading...
  1589 | D:2      | You add the spells Beastly Appendage, Wereblood and Spider
                  | Form to your library.
  2196 | D:2      | Found a faded altar of an unknown god.
  2314 | D:3      | Reached XP level 4. HP: 24/24 MP: 5/9
  2398 | D:3      | Noticed a phantom
  2430 | D:3      | Killed a phantom
  2431 | D:3      | Reached skill level 6 in Summonings
  2431 | D:3      | Gained mutation: Your magical nature lets you fly swiftly
                  | and evasively. [Tengu growth]
  2431 | D:3      | Reached XP level 5. HP: 19/28 MP: 4/11
  2831 | D:3      | Found a bloodstained altar of Trog.
  2961 | D:3      | Reached skill level 4 in Spellcasting
  3114 | D:3      | You are sucked into a shaft and drop 1 floor!
  3127 | D:4      | Reached skill level 1 in Polearms
  3127 | D:4      | Reached XP level 6. HP: 9/32 MP: 10/13
  3127 | D:4      | HP: 8/32 [poisoned by a kobold]
  3136 | D:3      | HP: 5/32 [goblin/+0 club (1)]
  3697 | D:3      | Found a white marble altar of Elyvilon.
  3970 | D:4      | Reached skill level 7 in Summonings
  4144 | D:4      | Found Siosmis's Self-Improvement Boutique.
  4254 | D:4      | Reached skill level 2 in Polearms
  4554 | D:4      | Reached XP level 7. HP: 36/36 MP: 7/14
  4779 | D:4      | Noticed Sigmund
  4802 | D:4      | Killed Sigmund
  4803 | D:4      | Reached skill level 3 in Polearms
  4879 | D:5      | Entered Level 5 of the Dungeon
  4881 | D:5      | Noticed Eustachio
  4904 | D:5      | Noticed Grinder
  4905 | D:5      | Noticed Dowan
  5141 | D:5      | HP: 7/36 [hound (4)]
  5141 | D:5      | HP: 2/36 [orc/+1 whip of venom (4)]
  5141 | D:5      | Slain by a hound

Vanquished Creatures
  A hound (D:4)
  A gnoll (D:4)
  A worm (D:3)
  An orc (D:3)
  A bat (D:1)
  3 endoplasms
  2 goblins
  A hobgoblin (D:1)
  A jackal (D:1)
  3 ball pythons
15 creatures vanquished.

Vanquished Creatures (collateral kills)
  Sigmund (D:4)
  An ogre (D:4)
  A phantom (D:3)
  A jelly (D:4)
  An orc priest (D:3)
  An iguana (D:4)
  A howler monkey skeleton (D:4)
  3 adders
  2 gnolls (D:4)
  2 river rats (D:3)
  2 worms
  A dart slug (D:2)
  4 orcs
  3 bats
  3 endoplasms (D:1)
  6 giant cockroaches
  6 goblins
  5 hobgoblins
  2 jackals (D:1)
  16 kobolds
  3 quokkas
  2 ball pythons
  2 frilled lizards
  A rat (D:1)
70 creatures vanquished.

Grand Total: 85 creatures vanquished

Table legend:
 A = Non-vault XP
 B = Vault XP
 C = Vault XP percentage of total XP
 D = Non-vault monster count
 E = Vault monster count
 F = Vault count percentage of total count
                 A         B        C        D         E       F
            +---------+---------+-------+---------+---------+-------
      Total |     504 |     369 |  42.3 |      78 |       7 |   8.2
            +---------+---------+-------+---------+---------+-------
        D:1 |      50 |       0 |   0.0 |      29 |       0 |   0.0
        D:2 |      30 |       0 |   0.0 |      14 |       0 |   0.0
        D:3 |      90 |     146 |  61.9 |      16 |       6 |  27.3
        D:4 |     334 |     223 |  40.0 |      19 |       1 |   5.0
            +---------+---------+-------+---------+---------+-------

Illustrated notes

Table legend:
 A = Kills in this place as a percentage of kills in entire the game.
 B = Kills by you in this place as a percentage of kills by you in the entire game.
 C = Kills by friends in this place as a percentage of kills by friends in the entire game.
 D = Other kills in this place as a percentage of other kills in the entire game.
 E = Experience gained in this place as a percentage of experience gained in the entire game.
 F = Experience gained in this place divided by the number of levels of this place that you have seen.
                   A       B       C       D       E      F
               +-------+-------+-------+-------+-------+----------------------
         Total | 100.0 | 100.0 | 100.0 |   N/A | 100.0 | 174.6
       Dungeon | 100.0 | 100.0 | 100.0 |   N/A | 100.0 | 174.6
               +-------+-------+-------+-------+-------+----------------------

Table legend: (Time is in decaauts)
 A = Elapsed time spent in this place.
 B = Non-inter-level travel time spent in this place.
 C = Inter-level travel time spent in this place.
 D = Time resting spent in this place.
 E = Time spent auto-exploring this place.
 F = Levels seen in this place.
 G = Mean time per level.
                   A        B        C        D        E       F      G
               +--------+--------+--------+--------+--------+-----+--------+
         Total |   5035 |   4835 |    200 |   1300 |   2484 |   5 | 1007.0 |
       Dungeon |   5035 |   4835 |    200 |   1300 |   2484 |   5 | 1007.0 |
               +--------+--------+--------+--------+--------+-----+--------+

Top non-repeatable levels by time:
     D:3: 1535 daAuts
     D:1: 1229 daAuts
     D:4: 1186 daAuts
     D:2: 1032 daAuts
     D:5: 51 daAuts
